 Dungeon Crawl Stone Soup version 0.31-a0-152-g6aa68a64a1 (webtiles) character file.

Game seed: 6460075097024880241

371 qw the Shooter (level 6, -1/57 HPs)
             Began as a Naga Hunter on June 10, 2023.
             Slain by an ogre
             ... wielding a +0 giant club
              (9 damage)
             ... on level 4 of the Dungeon.
             The game lasted 00:01:01 (2390 turns).

qw the Shooter (Naga Hunter)                        Turns: 2390, Time: 00:01:01

Health: -1/57      AC:  3    Str: 13    XL:     6   Next: 70%
Magic:  6/6        EV:  9    Int: 10    God:
Gold:   71         SH:  0    Dex: 16    Spells: 5/5 levels left

rFire   . . .        Y - +0 shortbow
rCold   . . .        (shield currently unavailable)
rNeg    + . .        c - +0 leather armour
rPois   +            (no helmet)
rElec   .            (no cloak)
rCorr   .            (no gloves)
SInv    +            (no barding)
Will    .....        (no amulet)
Stlth   ++           e - ring of positive energy
HPRegen 0.29/turn    (no ring)
MPRegen 0.10/turn

%: no passive effects
@: about to teleport, short of breath, very slow
A: AC +2, large, see invisible, deformed body, poison resistance, slowness 2,
spit poison 1, naga tail 1
a: Spit Poison


You were on level 4 of the Dungeon.
You visited 1 branch of the dungeon, and saw 4 of its levels.

You collected 71 gold pieces.


Innate Abilities, Weirdness & Mutations

Your serpentine skin is tough. (AC +2)
You have supernaturally acute eyesight. (SInv)
Armour fits poorly on your strangely shaped body.
Your system is resistant to poisons. (rPois)
You cover ground very slowly.
You can spit poison.
You have a snake-like lower body.


   Skills:
 - Level 4.2 Fighting
 + Level 6.2 Ranged Weapons
 - Level 1.5 Dodging
 - Level 1.5 Stealth


You had 5 spell levels left.
You didn't know any spells.
Your spell library was empty.

Inventory:

Hand Weapons
 Y - a +0 shortbow (weapon)
Armour
 c - a +0 leather armour (worn)
Jewellery
 e - a ring of positive energy (left hand)
Scrolls
 a - a scroll of teleportation
 h - 2 scrolls of identify
Potions
 b - 2 potions of cancellation

Dungeon Overview and Level Annotations

Branches:
Dungeon (4/15)
 Temple: D:4-7

Altars:
Makhleb

Shops:
D:1 :[


Message History

The phantom is almost destroyed.
The phantom hits you but does no damage.
You shoot an arrow. The arrow hits the phantom!
You destroy the phantom!
An ogre comes into view. It is wielding a +0 giant club.
Your Fighting skill increases to level 4!
2383 ||| INVOKING Spit Poison.
Aiming: Spit Poison (1% risk of failure)
Press: ? - help, Shift-Dir - straight line, f - ogre The splash of poison hits the ogre!
The ogre is poisoned.
The ogre is moderately wounded.
You shoot an arrow.
The arrow hits the ogre but does no damage.
The ogre is moderately wounded.
The ogre hits you with a +0 giant club!
You shoot an arrow. The arrow hits the ogre.
The ogre is heavily wounded.
You shoot an arrow.
The arrow hits the ogre but does no damage.
The ogre is severely wounded.
You have got your breath back.
The ogre looks more healthy.
The ogre hits you with a +0 giant club!
A goblin comes into view. It is wielding a +0 dagger.
2387 ||| INVOKING Spit Poison.
Aiming: Spit Poison (1% risk of failure)
Press: ? - help, Shift-Dir - straight line, f/p - ogre The splash of poison hits the ogre but does no damage.
The ogre is poisoned.
The ogre is severely wounded.
The ogre barely misses you.
You shoot an arrow.
The arrow hits the ogre but does no damage.
The ogre is severely wounded.
You shoot an arrow. The arrow barely misses the ogre.
The ogre hits you with a +0 giant club! The goblin completely misses you.
2390 ||| READING 2 scrolls of teleportation.
As you read the scroll of teleportation, it crumbles to dust.
You feel strangely unstable. The ogre hits you with a +0 giant club!
You die...

..# ##.....##...#.......#
#.. ###......##...).......#
#..##......####..)#)......#
#..#.####### #...##)....##
#...###).[###...###...##
##..##[....##...# #####
#..#$......#...#
##..#.......'...#
#...#)......#.@.#
#..###$...ยค##.gO# #..#
##).$###..... #..# #####
####### #..# #....# #..#
##...# #..# ##.## ##..# #.#
#..## ###.#


You could see an ogre (poisoned) and a goblin.

Vanquished Creatures
  A phantom (D:4)
  A scorpion (D:4)
  An iguana (D:4)
  2 orc wizards (D:3)
  4 gnolls (D:2)
  3 adders
  2 dart slugs
  6 orcs
  9 bats
  9 endoplasms
  4 giant cockroaches (D:1)
  11 goblins
  5 hobgoblins
  2 jackals (D:1)
  5 kobolds
  4 quokkas
  8 ball pythons
  3 frilled lizards
  5 rats
85 creatures vanquished.

Notes
Turn   | Place    | Note
-------+----------+-------------------------------------------
     0 | D:1      | qw the Naga Hunter began the quest for the Orb.
     0 | D:1      | Reached XP level 1. HP: 19/19 MP: 1/1
     0 | D:1      | 0 ||| qw: Version: 0.2-a-29-g767f381
     0 | D:1      | 0 ||| qw: Game counter: 3893
     0 | D:1      | 0 ||| qw: Always use a shield: true
     0 | D:1      | 0 ||| qw: God list: Okawaru
     0 | D:1      | 0 ||| qw: Allow faded altars: false
     0 | D:1      | 0 ||| qw: Do Orc after D:15 true
     0 | D:1      | 0 ||| qw: Do second Lair branch before Depths: true
     0 | D:1      | 0 ||| qw: Lair rune preference: random
     0 | D:1      | 0 ||| qw: Plans: Normal
     0 | D:1      | 0 ||| PLANNING D:1-11
     7 | D:1      | 7 ||| INVOKING Spit Poison.
    10 | D:1      | 10 ||| INVOKING Spit Poison.
    13 | D:1      | 13 ||| INVOKING Spit Poison.
    47 | D:1      | 47 ||| INVOKING Spit Poison.
    56 | D:1      | 56 ||| INVOKING Spit Poison.
    64 | D:1      | Reached skill level 4 in Ranged Weapons
    64 | D:1      | Reached XP level 2. HP: 26/26 MP: 2/2
    80 | D:1      | 80 ||| INVOKING Spit Poison.
   108 | D:1      | 108 ||| INVOKING Spit Poison.
   113 | D:1      | 113 ||| INVOKING Spit Poison.
   151 | D:1      | 151 ||| INVOKING Spit Poison.
   157 | D:1      | 157 ||| INVOKING Spit Poison.
   162 | D:1      | 162 ||| INVOKING Spit Poison.
   165 | D:1      | 165 ||| INVOKING Spit Poison.
   312 | D:1      | Found Jasil's Armour Shop.
   313 | D:1      | 313 ||| INVOKING Spit Poison.
   322 | D:1      | 322 ||| INVOKING Spit Poison.
   325 | D:1      | 325 ||| SHOPLISTING +0 pair of gloves (63 gold, have 0).
   325 | D:1      | 325 ||| SHOPLISTING +1 leather armour of fire resistance
                  | (196 gold, have 0).
   325 | D:1      | 325 ||| SHOPLISTING +2 leather armour of fire resistance
                  | (266 gold, have 0).
   338 | D:1      | 338 ||| INVOKING Spit Poison.
   343 | D:1      | Reached XP level 3. HP: 31/32 MP: 3/3
   343 | D:1      | 343 ||| INVOKING Spit Poison.
   348 | D:1      | 348 ||| INVOKING Spit Poison.
   354 | D:1      | 354 ||| INVOKING Spit Poison.
   408 | D:1      | Found Dogh's Book Emporium.
   432 | D:1      | 432 ||| INVOKING Spit Poison.
   436 | D:1      | 436 ||| INVOKING Spit Poison.
   453 | D:1      | 453 ||| INVOKING Spit Poison.
   578 | D:1      | 578 ||| INVOKING Spit Poison.
   583 | D:1      | 583 ||| INVOKING Spit Poison.
   665 | D:1      | 665 ||| DROPPING scroll of butterflies.
   690 | D:2      | 690 ||| INVOKING Spit Poison.
   694 | D:2      | 694 ||| INVOKING Spit Poison.
   697 | D:2      | 697 ||| INVOKING Spit Poison.
   723 | D:2      | 723 ||| INVOKING Spit Poison.
   726 | D:2      | 726 ||| INVOKING Spit Poison.
   742 | D:2      | 742 ||| INVOKING Spit Poison.
   748 | D:2      | 748 ||| INVOKING Spit Poison.
   775 | D:2      | 775 ||| INVOKING Spit Poison.
   789 | D:2      | 789 ||| INVOKING Spit Poison.
   828 | D:2      | 828 ||| INVOKING Spit Poison.
   831 | D:2      | Reached skill level 5 in Ranged Weapons
   831 | D:2      | Reached XP level 4. HP: 39/39 MP: 4/4
   836 | D:2      | 836 ||| INVOKING Spit Poison.
   962 | D:2      | 962 ||| INVOKING Spit Poison.
   966 | D:2      | 966 ||| INVOKING Spit Poison.
   969 | D:2      | 969 ||| INVOKING Spit Poison.
   972 | D:2      | Reached skill level 3 in Fighting
   975 | D:2      | 975 ||| INVOKING Spit Poison.
  1183 | D:2      | 1183 ||| INVOKING Spit Poison.
  1219 | D:2      | 1219 ||| INVOKING Spit Poison.
  1277 | D:2      | 1277 ||| UPGRADING to ring of positive energy.
  1278 | D:2      | 1278 ||| READING scroll labelled LYXTIL JYATOSE.
  1279 | D:2      | 1279 ||| READING scroll labelled WIMNIR POXTAQ.
  1280 | D:2      | 1280 ||| READING scroll labelled UFAELE ROPHEKO.
  1285 | D:2      | 1285 ||| READING 3 scrolls labelled GOUZXOSHRUH.
  1286 | D:2      | 1286 ||| READING 2 scrolls of identify.
  1286 | D:2      | 1286 ||| IDENTIFYING purple potion
  1287 | D:2      | 1287 ||| DROPPING potion of enlightenment.
  1350 | D:3      | 1350 ||| INVOKING Spit Poison.
  1355 | D:3      | 1355 ||| INVOKING Spit Poison.
  1356 | D:3      | Reached XP level 5. HP: 49/49 MP: 5/5
  1386 | D:3      | 1386 ||| INVOKING Spit Poison.
  1631 | D:3      | 1631 ||| INVOKING Spit Poison.
  1655 | D:3      | 1655 ||| INVOKING Spit Poison.
  1676 | D:3      | 1676 ||| INVOKING Spit Poison.
  1727 | D:3      | 1727 ||| INVOKING Spit Poison.
  1816 | D:3      | 1816 ||| INVOKING Spit Poison.
  1820 | D:3      | 1820 ||| INVOKING Spit Poison.
  1821 | D:3      | 1821 ||| Stepping ~*~*~tactically~*~*~ (outnumbered).
  1823 | D:3      | 1823 ||| Stepping ~*~*~tactically~*~*~ (outnumbered).
  1826 | D:3      | 1826 ||| INVOKING Spit Poison.
  1830 | D:3      | 1830 ||| INVOKING Spit Poison.
  1836 | D:3      | 1836 ||| INVOKING Spit Poison.
  1839 | D:3      | 1839 ||| INVOKING Spit Poison.
  1845 | D:3      | 1845 ||| INVOKING Spit Poison.
  1848 | D:3      | 1848 ||| INVOKING Spit Poison.
  1966 | D:3      | 1966 ||| INVOKING Spit Poison.
  2137 | D:3      | Found a burning altar of Makhleb.
  2139 | D:3      | 2139 ||| DROPPING ring of flight.
  2140 | D:3      | 2140 ||| READING scroll labelled JAIJEE YSEZE.
  2141 | D:3      | 2141 ||| READING scroll labelled YFOAGA ROFI.
  2142 | D:3      | 2142 ||| DRINKING 3 grey potions.
  2195 | D:4      | 2195 ||| INVOKING Spit Poison.
  2199 | D:4      | 2199 ||| INVOKING Spit Poison.
  2202 | D:4      | 2202 ||| INVOKING Spit Poison.
  2203 | D:4      | Reached skill level 6 in Ranged Weapons
  2203 | D:4      | Reached XP level 6. HP: 56/56 MP: 6/6
  2300 | D:4      | 2300 ||| INVOKING Spit Poison.
  2303 | D:4      | 2303 ||| INVOKING Spit Poison.
  2312 | D:4      | 2312 ||| INVOKING Spit Poison.
  2316 | D:4      | 2316 ||| INVOKING Spit Poison.
  2383 | D:4      | 2383 ||| INVOKING Spit Poison.
  2387 | D:4      | 2387 ||| INVOKING Spit Poison.
  2389 | D:4      | HP: 8/57 [ogre/+0 giant club (14)]
  2390 | D:4      | 2390 ||| READING 2 scrolls of teleportation.
  2390 | D:4      | Slain by an ogre

Levels and vault maps discovered:
D:1:      matt_arrival_los_fun, layout_basic, serial_shops, shop,
          nicolae_diamond_shop
D:2:      layout_rooms, minmay_misc_feat_ornament
D:3:      layout_basic, lemuel_tele_altar
D:4:      minmay_opposing_rooms, layout_layer_cave, serial_shops, shop

Skill      XL: |  1  2  3  4  5  6 |
---------------+-------------------+-----
Ranged Weapons | 4 5 6 |  6.2
Fighting       | 3 4 |  4.2
Dodging        | |  1.5
Stealth        | |  1.5

Action                     |  1- 3 |  4- 6 || total
---------------------------+-------+-------++-------
   Fire: Shortbow          |    79 |   109 ||   188
Ability: Spit Poison       |    33 |    32 ||    65
    Use: Scroll            |       |     8 ||     8
         Potion            |       |     1 ||     1
 Armour: Leather armour    |    27 |     9 ||    36
  Dodge: Dodged            |    30 |    29 ||    59

Table legend:
 A = Non-vault XP
 B = Vault XP
 C = Vault XP percentage of total XP
 D = Non-vault monster count
 E = Vault monster count
 F = Vault count percentage of total count
                 A         B        C        D         E       F
            +---------+---------+-------+---------+---------+-------
      Total |     478 |      52 |   9.8 |      76 |       9 |  10.6
            +---------+---------+-------+---------+---------+-------
        D:1 |      51 |       0 |   0.0 |      30 |       0 |   0.0
        D:2 |     110 |       0 |   0.0 |      22 |       0 |   0.0
        D:3 |     118 |       0 |   0.0 |      19 |       0 |   0.0
        D:4 |     199 |      52 |  20.7 |       5 |       9 |  64.3
            +---------+---------+-------+---------+---------+-------
